 Dungeon Crawl Stone Soup version 0.29.1-12-g30fa7ad0bf (webtiles) character file.

Game seed: 12383109704569684993

1417 wormed the Cudgeller (level 8, -4/63 HPs)
             Began as a Demonspawn Fighter on Dec 22, 2022.
             Killed from afar by an electric eel (11 damage)
             ... with a bolt of electricity
             ... on level 6 of the Dungeon.
             The game lasted 00:07:42 (6482 turns).

wormed the Cudgeller (Demonspawn Fighter)           Turns: 6482, Time: 00:07:42

Health: -4/63      AC: 13    Str: 19    XL:     8   Next: 43%
Magic:  8/8        EV:  9    Int: 10    God:
Gold:   359        SH:  5    Dex: 12    Spells: 7/7 levels left

rFire   . . .      SeeInvis +   w - +2 whip (freeze)
rCold   . . .      Faith    +   c - +0 buckler
rNeg    . . .      Spirit   .   b - +0 scale mail
rPois   .          Reflect  .   a - +1 helmet
rElec   .          Harm     .   A - +0 cloak
rCorr   +          Rampage  .   (no gloves)
Will    .....                   g - +1 pair of boots
Stlth   ..........              l - amulet of faith
HPRegen 0.20/turn               e - ring of see invisible
MPRegen 0.11/turn               f - ring of resist corrosion

@: about to teleport
A: hooves 2, demonic guardian 1
a: no special abilities


You were on level 6 of the Dungeon.
You visited 1 branch of the dungeon, and saw 6 of its levels.

You collected 359 gold pieces.

Inventory:

Hand Weapons
 w - a +2 whip of freezing (weapon)
Missiles
 D - 2 throwing nets (quivered)
Armour
 a - a +1 helmet (worn)
 b - a +0 scale mail (worn)
 c - a +0 buckler (worn)
 g - a +1 pair of boots (worn)
 A - a +0 cloak (worn)
Jewellery
 e - a ring of see invisible (left hand)
 f - a ring of resist corrosion (right hand)
 l - an amulet of faith (around neck)
 o - an amulet of guardian spirit
 s - a +6 ring of intelligence
Wands
 B - a wand of roots (7)
Scrolls
 h - 2 scrolls of fear
 k - a scroll of brand weapon
 n - a scroll of butterflies {unknown}
 q - a scroll of enchant armour
 y - a scroll of noise {unknown}
Potions
 d - 4 potions of magic
 i - 2 potions of mutation
 j - 2 potions of brilliance
 m - a potion of resistance {unknown}
 p - 2 potions of ambrosia {unknown}
 t - a potion of attraction {unknown}
 u - 2 potions of curing
 x - a potion of heal wounds
 z - a potion of cancellation {unknown}
 C - a potion of might


   Skills:
 + Level 5.5 Fighting
 * Level 6.2 Maces & Flails
 + Level 5.0 Armour
 + Level 5.0 Shields


You had 7 spell levels left.
You didn't know any spells.
Your spell library contained the following spells:

 Spells                   Type           Power      Damage    Failure   Level
 Poisonous Vapours        Pois/Air       0%         N/A       91%         2
 Sublimation of Blood     Necr           0%         N/A       91%         2
 Wereblood                Tmut           0%         N/A       91%         2
 Ozocubu's Armour         Ice            0%         N/A       99%         3
 Corpse Rot               Necr/Pois/Air  0%         N/A       100%        4
 Ozocubu's Refrigeration  Ice            0%         4d7       100%        7
 Summon Hydra             Summ           0%         N/A       100%        7


Dungeon Overview and Level Annotations

Branches:
Dungeon (6/15)
 Temple: D:4-7

Altars:
Cheibriados
Fedhas
Okawaru
Uskayaw


Innate Abilities, Weirdness & Mutations

You have hoof-like feet.
A weak demonic guardian rushes to your aid.


Message History

An adder and an electric eel come into view.
The electric eel shoots out a bolt of lightning at you!
The bolt of electricity hits you!
The electric eel shoots out a bolt of lightning at you!
The bolt of electricity hits you!
You are too injured to fight recklessly!
You are too injured to fight recklessly!
A bolt of electricity appears from out of your range of vision.
The bolt of electricity hits your white imp!
Your white imp dies!
Your white imp disappears in a puff of smoke!
An electric eel comes into view.
The electric eel shoots out a bolt of lightning at you!
The bolt of electricity hits you.
As you read the scroll of teleportation, it crumbles to dust.
You feel strangely unstable.
The electric eel shoots out a bolt of lightning at you!
The bolt of electricity hits you!
* * * LOW HITPOINT WARNING * * *
You feel better.
The electric eel shoots out a bolt of lightning at you!
The bolt of electricity hits the adder!
The bolt of electricity misses you.
The electric eel shoots out a bolt of lightning at you!
The bolt of electricity hits you!
* * * LOW HITPOINT WARNING * * *
The adder bites you.
* * * LOW HITPOINT WARNING * * *
You are poisoned.
The adder poisons you!
You feel better. The adder closely misses you.
The electric eel shoots out a bolt of lightning at you!
The bolt of electricity hits you!
* * * LOW HITPOINT WARNING * * *
The electric eel shoots out a bolt of lightning at you!
The bolt of electricity hits the adder!
The adder dies!
The bolt of electricity misses you.
The electric eel shoots out a bolt of lightning at you!
The bolt of electricity hits you!
You die...

##.....#........#.##..+#
##......................#
#.....................#..
#<...............$.....#
#................###....#
#................. .....
#..≈≈≈≈≈.≈≈≈≈≈.≈≈≈ S≈≈≈
#..≈###≈†≈###≈.≈## ###
#..≈# #≈@≈# #≈.≈ #..≈#
#≈†≈# #≈.≈
#..≈≈≈≈≈.≈≈≈≈≈.≈
#...............
..≈≈≈≈≈.S≈≈≈≈.S
#.≈###≈.≈###≈.S #.≈ #≈.≈#
≈.≈ #. #≈.≈# .≈ ≈≈.≈≈


You could see 3 electric eels.

Vanquished Creatures
  Sigmund (D:2)
  Duvessa (D:4)
  2 ice beasts (D:5)
  2 ogres
  A phantom (D:4)
  3 scorpions
  Dowan (D:4)
  3 howler monkeys
  2 hounds (D:5)
  A gnoll bouda (D:4)
  An iguana (D:5)
  An orc wizard (D:4)
  A mummy (D:5)
  3 gnolls (D:4)
  6 adders
  An ufetubus (D:4)
  6 worms
  6 dart slugs
  6 orcs
  5 endoplasms
  4 giant cockroaches
  11 goblins
  6 hobgoblins
  8 jackals
  8 kobolds
  3 quokkas
  12 ball pythons
  5 bats
  3 frilled lizards
  2 kobold zombies (D:5)
  2 orc zombies (D:5)
  5 rats
122 creatures vanquished.

Vanquished Creatures (collateral kills)
  An orc (D:4)
1 creature vanquished.

Vanquished Creatures (others)
  An adder (D:6)
  5 fungi (D:1)
  4 plants (D:1)
10 creatures vanquished.

Grand Total: 133 creatures vanquished

Notes
Turn   | Place    | Note
-------+----------+-------------------------------------------
     0 | D:1      | wormed the Demonspawn Fighter began the quest for the Orb.
     0 | D:1      | Reached XP level 1. HP: 18/18 MP: 1/1
    62 | D:1      | Reached skill level 2 in Maces & Flails
    85 | D:1      | Gained mutation: You have large cloven feet. [demonic
                  | ancestry]
    85 | D:1      | Reached XP level 2. HP: 3/24 MP: 2/2
   407 | D:1      | Found a faded altar of an unknown god.
   885 | D:1      | Reached XP level 3. HP: 29/29 MP: 3/3
  1252 | D:2      | Reached XP level 4. HP: 26/35 MP: 4/4
  1793 | D:2      | Reached skill level 3 in Maces & Flails
  1807 | D:2      | Noticed Sigmund
  1815 | D:2      | Killed Sigmund
  1816 | D:2      | Gained mutation: A weak demonic guardian rushes to your
                  | aid. [demonic ancestry]
  1816 | D:2      | Reached XP level 5. HP: 39/42 MP: 5/5
  1816 | D:2      | Gained mutation: You have hoof-like feet. [demonic
                  | ancestry]
  1816 | D:2      | Reached XP level 6. HP: 45/48 MP: 6/6
  2035 | D:2      | Reached skill level 4 in Maces & Flails
  2255 | D:3      | Found an iron altar of Okawaru.
  2255 | D:3      | Found a snail-covered altar of Cheibriados.
  2256 | D:3      | Found a blossoming altar of Fedhas.
  3632 | D:4      | Noticed Duvessa
  3632 | D:4      | Noticed Dowan
  3643 | D:4      | Killed Duvessa
  3644 | D:4      | Reached XP level 7. HP: 35/55 MP: 7/7
  3648 | D:4      | Killed Dowan
  3909 | D:4      | Found a hide-covered altar of Uskayaw.
  3996 | D:4      | Reached skill level 5 in Maces & Flails
  4627 | D:5      | Entered Level 5 of the Dungeon
  4666 | D:5      | Reached skill level 5 in Fighting
  4796 | D:5      | Reached XP level 8. HP: 29/62 MP: 8/8
  5470 | D:5      | Reached skill level 6 in Maces & Flails
  5562 | D:5      | Reached skill level 5 in Armour
  6476 | D:6      | Reached skill level 5 in Shields
  6482 | D:6      | Killed from afar by an electric eel

Illustrated notes

Levels and vault maps discovered:
D:1:      psy_arrival_dodecagon, layout_rooms, dreamdust_ecumenical_altar_grove,
          serial_corexii_hall, corexii_hall_statues_t, corexii_hall_statues_t,
          minmay_statues_item, minmay_misc_feat_enclosed, minmay_tetromino_s2
D:2:      layout_loops_cross, uniq_sigmund
D:3:      layout_basic, gammafunk_temple_overflow_claw, st_stairs_11
D:4:      wander_river, layout_basic, mainiacjoe_overflow_alcove_1,
          roderic_cross_of_infinity, uniq_duvessa
D:5:      nicolae_cairo_tiling_large_dashed, layout_basic, minmay_mini_ossuary
D:6:      layout_rooms, nicolae_overflow_quartered_altars,
          gammafunk_ghost_split, kennysheep_cluttered_room, kennysheep_boxes

Skill      XL: |  1  2  3  4  5  6  7  8 |
---------------+-------------------------+-----
Maces & Flails | 2 3 4 5 6 |  6.2
Armour         | 3 4 5 |  5.0
Shields        | 3 4 5 |  5.0
Fighting       | 4 5 |  5.5

Action                   |  1- 3 |  4- 6 |  7- 9 || total
-------------------------+-------+-------+-------++-------
Melee: Flail             |   109 |   169 |       ||   278
       Kick              |     4 |       |       ||     4
       Whip              |       |    14 |   160 ||   174
  Use: Potion            |     1 |     1 |     2 ||     4
       Scroll            |       |     2 |     8 ||    10
Armor: Scale mail        |    61 |    89 |    42 ||   192
Dodge: Dodged            |    47 |    85 |    60 ||   192
Block: Buckler           |    27 |    34 |    22 ||    83
